General information
- name: BNet
- type: Ladder team game (AT/RT)
- host: Battle.net
- saver: JiggersAndNews
map: Cherryville
- players: 8
- length: 18:07
- speed: Fast
- version: 1.26 W3XP
- replay type: Public
» download(97 KB)
Players
team 1 (loser)
LessQQMorePew (
teal | 75 APM | 1335 actions | 17:53)
4 Death Knight
2 Death Coil
2 Unholy Aura
2 Lich
1 Frost Nova
1 Frost Armor
2 Dreadlord
1 Sleep
1 Vampiric Aura
» actions
| Assign group hotkey | 17 | |
| Basic commands | 2 | |
| Build / train | 96 | |
| Enter build submenu | 37 | |
| Enter hero's abilities submenu | 8 | |
| Give item / drop item | 4 | |
| Remove unit from queue | 1 | |
| Right click | 378 | |
| Select / deselect | 288 | |
| Select group hotkey | 437 | |
| Use ability | 67 | |
1335 total
» units
| Acolyte | 16 | |
| Wisp | 18 | |
| Ghoul | 6 | |
| Crypt Fiend | 7 | |
| Frost Wyrm | 2 | |
49 total
» upgrades
| Creature Attack | 3 | |
| Creature Carapace | 3 | |
| Strength of the Wild | 2 | |
| Reinforced Hides | 1 | |
| Web | 1 | |
| Burrow | 1 | |
11 total
» buildings
| Graveyard | 1 | |
| Crypt | 2 | |
| Moon Well | 5 | |
| Altar of Darkness | 1 | |
| Tomb of Relics | 1 | |
| Ziggurat | 14 | |
| Hunter's Hall | 1 | |
| Spirit Tower | 4 | |
| Altar of Elders | 1 | |
| Tree of Ages | 2 | |
| Halls of the Dead | 1 | |
| Tree of Eternity | 2 | |
| Black Citadel | 1 | |
| Sacrificial Pit | 1 | |
| Boneyard | 2 | |
| Ancient of Lore | 2 | |
41 total
» build order
00:34 Graveyard
00:38 Crypt
00:48 Moon Well
01:03 Altar of Darkness
01:08 Tomb of Relics
01:18 Ziggurat
01:24 Ziggurat
01:39 Ziggurat
02:33 Hunter's Hall
02:42 Spirit Tower
02:57 Moon Well
03:11 Altar of Elders
03:52 Ziggurat
05:31 Tree of Ages
06:05 Moon Well
06:17 Halls of the Dead
06:41 Ziggurat
06:44 Ziggurat
06:45 Ziggurat
07:21 Crypt
07:51 Spirit Tower
07:56 Spirit Tower
08:05 Moon Well
08:10 Tree of Eternity
08:11 Tree of Eternity
08:19 Spirit Tower
08:55 Black Citadel
09:24 Ziggurat
09:37 Moon Well
09:58 Ziggurat
10:07 Ziggurat
10:20 Sacrificial Pit
10:42 Ziggurat
10:46 Ziggurat
11:21 Boneyard
11:34 Boneyard
13:12 Ancient of Lore
13:14 Ancient of Lore
15:52 Ziggurat
16:19 Ziggurat
» items
| Rod of Necromancy | 3 | |
| Periapt of Vitality | 1 | |
| Potion of Healing | 1 | |
| Orb of Corruption | 1 | |
6 total

»
CraigH (
green | 37 APM | 662 actions | 17:59)
4 Paladin
1 Holy Light
2 Devotion Aura
1 Divine Shield
1 Keeper of the Grove
1 Thorns Aura
» actions
| Basic commands | 20 | |
| Build / train | 66 | |
| Enter build submenu | 23 | |
| Enter hero's abilities submenu | 5 | |
| Give item / drop item | 1 | |
| Remove unit from queue | 1 | |
| Right click | 259 | |
| Select / deselect | 226 | |
| Use ability | 61 | |
662 total
» units
| Peasant | 11 | |
| Wisp | 3 | |
| Footman | 5 | |
| Huntress | 5 | |
| Rifleman | 1 | |
| Knight | 3 | |
| Gryphon Rider | 2 | |
| Hippogryph | 3 | |
| Dragonhawk Rider | 1 | |
| Dryad | 3 | |
| Druid of the Claw | 1 | |
38 total
» upgrades
| Masonry | 2 | |
| Swords | 3 | |
| Animal War Training | 1 | |
| Armor | 2 | |
| Reinforced Hides | 1 | |
9 total
» buildings
| Farm | 10 | |
| Lumber Mill | 1 | |
| Altar of Kings | 1 | |
| Barracks | 1 | |
| Scout Tower | 5 | |
| Guard Tower | 5 | |
| Ancient of War | 1 | |
| Moon Well | 2 | |
| Keep | 1 | |
| Blacksmith | 1 | |
| Castle | 1 | |
| Gryphon Aviary | 2 | |
| Ancient of Wind | 1 | |
| Arcane Vault | 1 | |
| Chimaera Roost | 1 | |
34 total
» build order
00:29 Farm
00:31 Farm
01:02 Lumber Mill
01:17 Altar of Kings
01:46 Farm
02:13 Barracks
02:24 Scout Tower
02:32 Scout Tower
02:34 Scout Tower
02:41 Farm
03:17 Guard Tower
03:24 Scout Tower
03:34 Guard Tower
03:45 Ancient of War
03:56 Guard Tower
04:12 Moon Well
04:29 Guard Tower
05:04 Keep
05:24 Moon Well
05:40 Blacksmith
06:15 Scout Tower
07:37 Castle
08:39 Guard Tower
10:26 Gryphon Aviary
10:34 Gryphon Aviary
10:40 Farm
10:42 Farm
10:43 Farm
10:44 Farm
11:55 Ancient of Wind
12:23 Arcane Vault
13:18 Farm
13:22 Farm
13:56 Chimaera Roost
» items
| Scroll of Regeneration | 2 | |
| Scroll of Town Portal | 1 | |
| Potion of Healing | 1 | |
4 total
4ngerFist (
pink | 28 APM | 505 actions | 18:06)
3 Archmage
2 Summon Water Elemental
1 Brilliance Aura
1 Keeper of the Grove
1 Force of Nature
2 Mountain King
1 Storm Bolt
1 Thunder Clap
» actions
| Build / train | 60 | |
| Enter build submenu | 26 | |
| Enter hero's abilities submenu | 6 | |
| Right click | 126 | |
| Select / deselect | 253 | |
| Use ability | 34 | |
505 total
» units
| Peasant | 17 | |
| Footman | 6 | |
| Gryphon Rider | 11 | |
34 total
» upgrades
| Masonry | 3 | |
| Swords | 2 | |
| Storm Hammers | 1 | |
| Armor | 2 | |
8 total
» buildings
| Farm | 11 | |
| Altar of Kings | 1 | |
| Lumber Mill | 1 | |
| Barracks | 1 | |
| Scout Tower | 6 | |
| Arcane Vault | 1 | |
| Town Hall | 1 | |
| Arcane Tower | 1 | |
| Keep | 1 | |
| Guard Tower | 5 | |
| Blacksmith | 1 | |
| Castle | 1 | |
| Gryphon Aviary | 2 | |
33 total
» build order
00:05 Farm
00:09 Altar of Kings
01:09 Lumber Mill
01:14 Farm
01:58 Barracks
02:49 Scout Tower
02:57 Arcane Vault
04:18 Town Hall
04:39 Arcane Tower
05:55 Keep
06:10 Scout Tower
06:53 Guard Tower
06:56 Scout Tower
07:25 Guard Tower
07:39 Scout Tower
08:21 Blacksmith
08:29 Castle
08:38 Guard Tower
09:10 Gryphon Aviary
09:15 Gryphon Aviary
09:37 Farm
10:15 Farm
10:30 Scout Tower
11:08 Guard Tower
11:16 Scout Tower
12:08 Farm
12:09 Guard Tower
12:30 Farm
12:50 Farm
12:58 Farm
13:01 Farm
17:01 Farm
17:03 Farm
» items
| Scroll of Regeneration | 1 | |
| Lesser Clarity Potion | 1 | |
2 total
team 2 (winner)

»
buckeyes (
blue | 34 APM | 612 actions | 18:06)
2 Keeper of the Grove
1 Entangling Roots
1 Thorns Aura
2 Priestess of the Moon
1 Searing Arrows
1 Trueshot Aura
» actions
| Assign group hotkey | 12 | |
| Basic commands | 19 | |
| Build / train | 96 | |
| Enter build submenu | 23 | |
| Enter hero's abilities submenu | 4 | |
| Right click | 128 | |
| Select / deselect | 214 | |
| Select group hotkey | 76 | |
| Use ability | 40 | |
612 total
» units
| Wisp | 14 | |
| Goblin Shredder | 2 | |
| Druid of the Talon | 6 | |
| Chimaera | 5 | |
| Hippogryph | 12 | |
39 total
» upgrades
| Strength of the Wild | 3 | |
| Reinforced Hides | 3 | |
| Strength of the Moon | 3 | |
| Moon Armor | 3 | |
| Improved Bows | 1 | |
| Hippogryph Taming | 1 | |
| Druid of the Talon Training | 2 | |
| Marksmanship | 1 | |
| Corrosive Breath | 1 | |
| Mark of the Talon | 1 | |
| Well Spring | 2 | |
21 total
» buildings
| Moon Well | 8 | |
| Altar of Elders | 1 | |
| Tree of Ages | 2 | |
| Hunter's Hall | 2 | |
| Tree of Eternity | 5 | |
| Ancient of Wind | 4 | |
| Tree of Life | 1 | |
| Chimaera Roost | 2 | |
25 total
» build order
03:31 Moon Well
04:04 Moon Well
04:38 Altar of Elders
05:34 Tree of Ages
05:35 Tree of Ages
05:52 Hunter's Hall
06:02 Moon Well
06:46 Hunter's Hall
07:01 Moon Well
07:56 Tree of Eternity
07:56 Tree of Eternity
08:03 Ancient of Wind
08:26 Tree of Life
09:30 Ancient of Wind
09:34 Tree of Eternity
09:34 Tree of Eternity
09:34 Tree of Eternity
09:39 Ancient of Wind
11:11 Ancient of Wind
11:13 Chimaera Roost
11:14 Chimaera Roost
12:14 Moon Well
12:18 Moon Well
13:21 Moon Well
13:26 Moon Well

»
happyd (
orange | 29 APM | 5 actions | 00:10)
JiggersAndNews (
purple | 74 APM | 1343 actions | 18:07)
7 Mountain King
3 Storm Bolt
3 Bash
1 Avatar
1 Priestess of the Moon
1 Trueshot Aura
» actions
| Assign group hotkey | 27 | |
| Basic commands | 28 | |
| Build / train | 109 | |
| ESC pressed | 2 | |
| Enter build submenu | 32 | |
| Enter hero's abilities submenu | 8 | |
| Give item / drop item | 4 | |
| Remove unit from queue | 1 | |
| Right click | 359 | |
| Select / deselect | 367 | |
| Select group hotkey | 314 | |
| Use ability | 92 | |
1343 total
» units
| Peasant | 16 | |
| Wisp | 9 | |
| Footman | 8 | |
| Archer | 13 | |
| Gryphon Rider | 1 | |
| Dragonhawk Rider | 14 | |
61 total
» upgrades
| Defend | 1 | |
| Masonry | 3 | |
| Lumber Harvesting | 2 | |
| Swords | 3 | |
| Armor | 3 | |
| Animal War Training | 1 | |
| Cloud | 1 | |
| Backpack | 1 | |
15 total
» buildings
| Altar of Kings | 1 | |
| Farm | 8 | |
| Barracks | 1 | |
| Altar of Elders | 1 | |
| Moon Well | 3 | |
| Ancient of War | 2 | |
| Arcane Vault | 1 | |
| Lumber Mill | 1 | |
| Tree of Ages | 1 | |
| Keep | 1 | |
| Scout Tower | 8 | |
| Guard Tower | 9 | |
| Town Hall | 1 | |
| Ancient of Wonders | 1 | |
| Castle | 1 | |
| Gryphon Aviary | 2 | |
| Blacksmith | 1 | |
43 total
» build order
00:03 Altar of Kings
00:06 Farm
00:09 Barracks
00:41 Altar of Elders
00:43 Moon Well
01:00 Farm
01:34 Ancient of War
01:45 Farm
02:04 Moon Well
03:06 Arcane Vault
03:26 Ancient of War
03:41 Farm
03:49 Lumber Mill
04:26 Moon Well
04:32 Tree of Ages
04:41 Keep
05:46 Scout Tower
05:47 Scout Tower
05:49 Scout Tower
06:14 Guard Tower
06:15 Guard Tower
06:19 Town Hall
06:21 Guard Tower
06:49 Ancient of Wonders
07:03 Castle
07:39 Gryphon Aviary
07:42 Gryphon Aviary
07:45 Farm
08:01 Scout Tower
08:04 Scout Tower
08:33 Guard Tower
08:57 Blacksmith
09:20 Guard Tower
10:58 Farm
12:43 Farm
12:47 Farm
13:09 Scout Tower
13:12 Scout Tower
13:15 Scout Tower
13:39 Guard Tower
13:48 Guard Tower
13:50 Guard Tower
16:20 Guard Tower
» items
| Scroll of Regeneration | 5 | |
| Boots of Speed | 1 | |
| Scroll of Town Portal | 1 | |
| Ivory Tower | 1 | |
8 total
Hail_Megatron (
red | 36 APM | 655 actions | 18:06)
1 Priestess of the Moon
1 Searing Arrows
7 Death Knight
3 Death Coil
3 Unholy Aura
1 Animate Dead
» actions
| Build / train | 48 | |
| Enter build submenu | 17 | |
| Enter hero's abilities submenu | 8 | |
| Give item / drop item | 2 | |
| Right click | 362 | |
| Select / deselect | 183 | |
| Use ability | 35 | |
655 total
» units
| Acolyte | 3 | |
| Wisp | 2 | |
| Ghoul | 4 | |
| Archer | 2 | |
| Crypt Fiend | 7 | |
| Frost Wyrm | 8 | |
26 total
» upgrades
| Creature Attack | 3 | |
| Creature Carapace | 3 | |
| Web | 1 | |
| Freezing Breath | 1 | |
8 total
» buildings
| Graveyard | 1 | |
| Ziggurat | 7 | |
| Altar of Darkness | 1 | |
| Crypt | 1 | |
| Tomb of Relics | 1 | |
| Moon Well | 2 | |
| Halls of the Dead | 1 | |
| Black Citadel | 1 | |
| Sacrificial Pit | 1 | |
| Boneyard | 2 | |
18 total
» build order
00:11 Graveyard
00:21 Ziggurat
00:54 Altar of Darkness
01:05 Crypt
01:29 Ziggurat
01:46 Ziggurat
02:30 Tomb of Relics
02:52 Ziggurat
03:10 Moon Well
03:38 Moon Well
04:10 Halls of the Dead
06:32 Black Citadel
07:03 Sacrificial Pit
07:09 Ziggurat
08:36 Ziggurat
08:55 Boneyard
09:41 Boneyard
11:12 Ziggurat
» items
| Rod of Necromancy | 1 | |
| Scroll of Regeneration | 1 | |
2 total
Chat log
(00:29 / All) JiggersAndNews: wtf is this, a 3v3?
(00:38 / All) CraigH: lol
(02:23 / Allies) JiggersAndNews: great
(02:39 / Allies) JiggersAndNews: that's basically gg, 2v3
(15:36 / Allies) Hail_Megatron: out?
(15:39 / Allies) Hail_Megatron: me out
(16:13 / Allies) Hail_Megatron: meet?
(16:41 / Allies) JiggersAndNews: they are hitting
(17:00 / Allies) JiggersAndNews: my expo i think
(17:40 / Allies) JiggersAndNews: counter
(17:58 / All) JiggersAndNews: this was a 2v3 btw
(17:59 / All) JiggersAndNews: oj left
(18:02 / All) JiggersAndNews: blue afk 5 mins